 Dungeon Crawl Stone Soup version 0.30-a0-125-g51eefa89be (webtiles) character file.

Game seed: 14242475166406985106

21859 jlumianski the Cleaver (level 12, 0/75 HPs)
             Began as a Gargoyle Gladiator on Sept 18, 2022.
             Was a Priest of Qazlal.
             Slain by a tengu warrior
             ... wielding a +0 great sword
              (16 damage)
             ... on level 12 of the Dungeon.
             The game lasted 01:01:07 (15452 turns).

jlumianski the Cleaver (Gargoyle Gladiator)        Turns: 15452, Time: 01:01:08

Health: 0/75       AC: 28    Str: 22    XL:     12   Next: 94%
Magic:  13/18      EV:  8    Int: 18    God:    Qazlal [***...]
Gold:   182        SH:  9    Dex: 11    Spells: 11/11 levels left

rFire   + . .      SeeInvis +    Y - +5 battleaxe
rCold   + + .      Faith    .    (shield currently unavailable)
rNeg    + . .      Spirit   .    k - +0 plate armour
rPois   ∞          Reflect  +    c - +0 helmet
rElec   +          Harm     .    B - scarf {rC+ rF+}
rCorr   .          Rampage  .    A - +0 pair of gloves
Will    .....                    b - +1 pair of boots
Stlth   ..........               Q - amulet of reflection
HPRegen 0.22/turn                I - ring of Urrove {rPois rC+ Will- Int+8 Slay+5}
MPRegen 0.16/turn                m - ring of see invisible

@: no status effects
A: sickness immunity, AC +8, negative energy resistance 1, electricity
resistance, torment resistance 1, petrification resistance, talons 1
a: Renounce Religion, Upheaval, Elemental Force


You were on level 12 of the Dungeon.
You worshipped Qazlal.
Qazlal was most pleased with you.
You visited 2 branches of the dungeon, and saw 15 of its levels.
You visited the Abyss 1 time.
You also visited: Ossuary.

You collected 683 gold pieces.
You spent 501 gold pieces at shops.

Inventory:

Hand Weapons
 G - a +2 hand axe of flaming
 H - a +2 vorpal war axe
 Y - a +5 battleaxe (weapon)
Missiles
 e - 7 boomerangs (quivered)
 q - 24 poisoned darts
 P - 2 throwing nets
 S - a javelin
Armour
 a - a +0 pair of boots
 b - a +1 pair of boots (worn)
 c - a +0 helmet (worn)
 k - a +0 plate armour (worn)
 y - a +0 buckler
 A - a +0 pair of gloves (worn)
 B - a scarf of resistance (worn)
Jewellery
 l - a ring of positive energy
 m - a ring of see invisible (right hand)
 t - a ring of fire
 I - the ring of Urrove (left hand) {rPois rC+ Will- Int+8 Slay+5}
   (You found it on level 6 of the Dungeon)

   [ring of protection from cold]

   Int:       It affects your intelligence (+8).
   Slay:      It affects your accuracy & damage with ranged weapons and melee
   (+5).
   rC:        It protects you from cold.
   rPois:     It protects you from poison.
   Will:      It decreases your willpower.
 Q - an amulet of reflection (around neck)
Wands
 d - a wand of paralysis (9)
 w - a wand of acid (23)
 J - a wand of digging (10)
Scrolls
 f - a scroll of amnesia
 g - a scroll of summoning
 h - a scroll of fear
 i - a scroll of immolation
 j - a scroll of noise
 r - 5 scrolls of blinking
 u - 4 scrolls of teleportation
 R - a scroll of poison
 X - 4 scrolls of identify
 Z - 2 scrolls of butterflies
Potions
 p - 2 potions of berserk rage
 s - 7 potions of curing
 v - 4 potions of lignification
 D - a potion of invisibility
 E - 2 potions of might
 F - 2 potions of flight
 K - 4 potions of ambrosia
 L - 2 potions of attraction
 N - 2 potions of cancellation


   Skills:
 + Level 8.6 Fighting
 + Level 11.9 Axes
 + Level 3.0 Throwing
 + Level 8.9 Armour
 + Level 3.5 Dodging
 + Level 0.8 Stealth
 + Level 7.2 Shields
 * Level 8.4 Invocations
 * Level 6.6 Evocations


You had 11 spell levels left.
You didn't know any spells.
Your spell library contained the following spells:

 Spells                   Type           Power      Damage    Failure   Level
 Freeze                   Ice            0%         1d3       97%         1
 Necrotise                Necr           0%         1d4       97%         1
 Sting                    Tmut/Pois      0%         1d3       97%         1
 Poisonous Vapours        Pois/Air       0%         N/A       99%         2
 Frozen Ramparts          Ice            0%         1d1       100%        3
 Vampiric Draining        Necr           0%         2d6       100%        3
 Cause Fear               Hex            0%         N/A       100%        4
 Hailstorm                Conj/Ice       0%         3d3       100%        4
 Olgreb's Toxic Radiance  Pois           0%         N/A       100%        4
 Agony                    Necr           0%         N/A       100%        5
 Alistair's Intoxication  Tmut/Pois      0%         N/A       100%        5
 Borgnjor's Vile Clutch   Necr/Erth      0%         N/A       100%        5
 Eringya's Noxious Bog    Tmut/Pois      0%         N/A       100%        6
 Dragon Form              Tmut           0%         N/A       100%        7
 Dragon's Call            Summ           0%         N/A       100%        9


Dungeon Overview and Level Annotations

Branches:
Dungeon (14/15)            Temple (1/1) D:6            Lair (0/5) D:9
    Orc (0/2) D:12        Ossuary (visited)
 Vaults: D:13-14

Altars:
Ashenzari
Cheibriados
Elyvilon
Fedhas
Kikubaaqudgha
Qazlal
Ru
Uskayaw
Wu Jian
Xom
Zin
The Shining One

Shops:
D:2 :   D:7 (   D:8 *   D:9 *

Annotations:
D:10 Erolcha


Innate Abilities, Weirdness & Mutations

You are immune to sickness and miasma.
Your stone body is resilient. (AC +8)
You are immune to poison.
You resist negative energy. (rN+)
You are resistant to electric shocks. (rElec)
You are resistant to unholy torment.
You are immune to petrification.
You have sharp toenails.


Message History

The tengu warrior hits you with a +0 great sword!
The tengu warrior pecks you but does no damage.
You block the tengu warrior's attack.
The tengu warrior is engulfed in blazing flames.
You barely miss the tengu warrior.
The tengu warrior is almost dead.
The tengu warrior barely misses you.
You block the tengu warrior's attack. x2
You barely miss the tengu warrior.
The tengu warrior is almost dead.
The tengu warrior hits you but does no damage.
The tengu warrior pecks you but does no damage.
The tengu warrior claws you but does no damage.
You closely miss the tengu warrior.
The tengu warrior is almost dead.
You block the tengu warrior's attack.
The tengu warrior pecks you but does no damage.
The tengu warrior claws you but does no damage.
You closely miss the tengu warrior.
The tengu warrior is severely wounded.
The tengu warrior hits you but does no damage.
You block the tengu warrior's attack.
The tengu warrior claws you but does no damage.
You closely miss the tengu warrior.
The tengu warrior is severely wounded.
The tengu warrior hits you with a +0 great sword!
* * * LOW HITPOINT WARNING * * *
You block the tengu warrior's attack.
The tengu warrior claws you but does no damage.
The tengu warrior hits you but does no damage.
The tengu warrior pecks you but does no damage.
The tengu warrior barely misses you.
You closely miss the tengu warrior.
The tengu warrior is severely wounded.
The tengu warrior barely misses you. You block the tengu warrior's attack.
The tengu warrior claws you but does no damage.
Activating: Elemental Force (1% risk of failure)
Press: ? - help, Dir - look around, f - activate Clouds arounds you coalesce and take form!
The tengu warrior hits you with a +0 great sword!
You die...

...##......##
###...####......
#......###..##
##..# ###....
##....## ##..##
#..# ##... ##....#
##..## #..# #..#
......## ##..##
#..# #..#
.......## ##..#
#..# #..#
........## #..##
#..# #..#
....###..##
##.E.## #..# #..#
....#
##..###...@E###..#
#..# ....#
##.......Q☼.##..##
#..# ....#
##...........##..#
#.^# ...##
#..########..##..#
##.. #### #.##
##.###.# ### #.#
### #.# # ### ###


You could see a tengu warrior (ally target), a friendly earth elemental
(summoned) and a friendly fire elemental (summoned).

Vanquished Creatures
  A deep elf demonologist (Abyss:2)
  Josephine (D:12)
  A hydra (D:12)
  A centaur warrior (D:13)
  4 two-headed ogres
  A sixfirhy (Abyss:1)
  A death drake (Abyss:1)
  The ghost of Jeffwins the Merchant of Misery, a novice HuWn of Kikubaaqudgha (D:7)
  A worldbinder (Abyss:1)
  A manticore (D:13)
  Maurice (D:10)
  A smoke demon (Abyss:2)
  A komodo dragon (D:12)
  An unseen horror (Abyss:1)
  3 gargoyles
  A kobold demonologist (D:12)
  A freezing wraith (Abyss:1)
  A red devil (Abyss:1)
  2 trolls
  3 hornets
  2 wyverns
  2 shadows
  4 wraiths
  Grum (D:10)
  10 yaks
  4 small abominations
  3 vampire mosquitoes (D:6)
  3 wargs (D:12)
  2 acid dragons
  3 water moccasins
  A hell hound (Abyss:1)
  4 hornet zombies (Ossuary)
  4 orc warriors
  A sky beast (D:8)
  A black bear (D:7)
  An ice beast (D:7)
  3 centaurs
  4 wolves (D:11)
  A kobold brigand (D:6)
  3 gnoll sergeants
  2 bullfrogs
  3 necrophages
  A water moccasin zombie (Ossuary)
  3 scorpions
  9 wights
  2 wyvern zombies (Ossuary)
  12 killer bees
  9 howler monkeys
  A quasit (Abyss:1)
  5 bullfrog zombies (Ossuary)
  3 centaur zombies (Ossuary)
  2 jellies
  A gnoll bouda (D:7)
  7 orc priests
  5 hounds
  11 mummies (Ossuary)
  4 iguanas
  5 orc wizards
  3 killer bee zombies (Ossuary)
  22 gnolls
  11 adders
  2 shadow imps (D:13)
  4 white imps
  An ufetubus (D:4)
  A worm (D:2)
  3 dart slugs
  26 orcs
  9 ball pythons
  5 endoplasms
  4 giant cockroaches
  9 hobgoblins
  7 jackals (D:4)
  4 quokkas
  5 bats
  2 frilled lizards
  6 goblins
  14 kobolds
  2 quokka zombies (D:8)
  4 rats
314 creatures vanquished.

Vanquished Creatures (collateral kills)
  A hellwing (D:13)
  3 hell hounds (Abyss:1)
4 creatures vanquished.

Vanquished Creatures (others)
  A green death (Abyss:2)
  13 fungi (D:4)
  8 withered plants
22 creatures vanquished.

Grand Total: 340 creatures vanquished

Notes
Turn   | Place    | Note
-------+----------+-------------------------------------------
     0 | D:1      | jlumianski the Gargoyle Gladiator began the quest for the
                  | Orb.
     0 | D:1      | Reached XP level 1. HP: 12/12 MP: 1/1
   299 | D:2      | Reached XP level 2. HP: 11/17 MP: 2/2
   634 | D:1      | Reached skill level 3 in Axes
   634 | D:1      | Reached skill level 1 in Armour
   634 | D:1      | Reached XP level 3. HP: 2/21 MP: 3/3
  1088 | D:1      | Found a faded altar of an unknown god.
  1403 | D:1      | Reached XP level 4. HP: 9/28 MP: 4/4
  1732 | D:2      | Found Mistrucsuh's Book Emporium.
  2575 | D:3      | Gained mutation: You have sharp toenails. [potion of
                  | mutation]
  2596 | D:3      | Reached XP level 5. HP: 32/32 MP: 5/5
  2640 | D:3      | Reached skill level 4 in Axes
  3322 | D:4      | Found a shimmering altar of Xom.
  3430 | D:4      | Found an ornate altar of the Wu Jian Council.
  3444 | D:4      | Found a sacrificial altar of Ru.
  3463 | D:5      | Entered Level 5 of the Dungeon
  3500 | D:4      | Reached XP level 6. HP: 22/37 MP: 6/6
  3719 | D:4      | Found an ancient bone altar of Kikubaaqudgha.
  3879 | D:4      | Reached skill level 5 in Axes
  4006 | D:5      | Identified the +4 rapier "Guorores" {vorpal, Int+5}
  4407 | D:5      | Reached XP level 7. HP: 36/42 MP: 7/7
  5710 | D:6      | Reached skill level 6 in Axes
  5752 | D:6      | Noticed a vampire mosquito
  5752 | D:6      | Noticed a vampire mosquito
  5752 | D:6      | Noticed a vampire mosquito
  5765 | D:6      | Killed a vampire mosquito
  5766 | D:6      | Reached skill level 1 in Shields
  5766 | D:6      | Reached XP level 8. HP: 32/48 MP: 8/8
  5782 | D:6      | Reached skill level 5 in Armour
  6099 | D:6      | Found a staircase to the Ecumenical Temple.
  6114 | Temple   | Entered the Ecumenical Temple
  6122 | Temple   | Became a worshipper of Qazlal Stormbringer
  6206 | D:6      | Found a snail-covered altar of Cheibriados.
  6240 | D:6      | Identified the ring of Urrove {rPois rC+ Will- Int+8
                  | Slay+5}
  6370 | D:7      | Reached skill level 5 in Fighting
  6370 | D:7      | Reached skill level 7 in Axes
  6371 | D:7      | Identified the +3 leather armour "Qorinem" {Int+6}
  7187 | D:8      | Reached XP level 9. HP: 33/54 MP: 9/9
  7239 | D:8      | Found Dap Ecuod's Elemental Accessories.
  7503 | D:8      | Noticed a two-headed ogre
  7583 | D:8      | Found a sand-covered staircase.
  7601 | Ossuary  | Entered an ossuary
  7635 | Ossuary  | Reached * piety under Qazlal
  7636 | Ossuary  | Reached skill level 1 in Invocations
  7652 | Ossuary  | Reached skill level 1 in Evocations
  7656 | Ossuary  | Reached skill level 8 in Axes
  8561 | D:7      | Identified the +0 robe "Zoclaagh" {Int+3}
  8582 | D:7      | Reached XP level 10. HP: 61/61 MP: 12/12
  8648 | D:7      | Found Bedwiph's Weapon Shop.
  8656 | D:7      | Reached ** piety under Qazlal
  8668 | D:7      | Found a broken altar of Ashenzari.
  8683 | D:7      | Bought a +2 vorpal war axe for 240 gold pieces
  8683 | D:7      | Bought 3 boomerangs for 21 gold pieces
  8713 | D:7      | Found a runed translucent door.
  8715 | D:7      | Noticed Jeffwins's ghost (novice HuWn)
  8898 | D:7      | Reached skill level 9 in Axes
  9156 | D:7      | Killed Jeffwins's ghost
  9312 | D:8      | Killed a two-headed ogre
  9393 | D:8      | Found a blossoming altar of Fedhas.
  9827 | D:10     | Entered Level 10 of the Dungeon
  9924 | D:10     | Noticed Erolcha
 10110 | D:10     | Noticed a two-headed ogre
 10116 | D:9      | Killed a two-headed ogre
 10117 | D:9      | Reached skill level 5 in Invocations
 10198 | D:9      | Reached XP level 11. HP: 54/67 MP: 14/14
 10291 | D:9      | You fall into a shaft and drop 3 floors!
 10580 | D:11     | Reached skill level 10 in Axes
 10625 | D:10     | Noticed a two-headed ogre
 10634 | D:12     | Killed a two-headed ogre
 10755 | D:12     | Reached *** piety under Qazlal
 11080 | D:10     | Reached skill level 5 in Shields
 11439 | D:9      | Found a staircase to the Lair.
 11585 | D:9      | Found Piffecli's Assorted Antiques.
 11592 | D:9      | Bought a pair of runed boots for 150 gold pieces
 12222 | D:10     | Noticed Maurice
 12222 | D:10     | Paralysed by Maurice for 3 turns
 12231 | D:10     | Paralysed by Maurice for 4 turns
 12237 | D:10     | Killed Maurice
 12245 | D:10     | Reached skill level 5 in Evocations
 12372 | Abyss:1  | Cast into level 1 of the Abyss (Erolcha)
 12418 | Abyss:1  | Noticed a death drake
 12429 | Abyss:1  | Killed a death drake
 12479 | Abyss:1  | Noticed a worldbinder
 12480 | Abyss:1  | Noticed a bog body
 12480 | Abyss:1  | Noticed a bog body
 12486 | Abyss:1  | Noticed a bog body
 12487 | Abyss:1  | Killed a worldbinder
 12513 | Abyss:1  | Noticed a sixfirhy
 12525 | Abyss:1  | Killed a sixfirhy
 12526 | Abyss:1  | Reached XP level 12. HP: 41/73 MP: 16/16
 12573 | Abyss:1  | Reached skill level 11 in Axes
 12590 | Abyss:1  | Noticed a deep elf demonologist
 12663 | Abyss:2  | Noticed a Brimstone Fiend
 12666 | Abyss:2  | Killed a deep elf demonologist
 12741 | Abyss:2  | Noticed a green death
 12746 | Abyss:2  | Noticed a thrashing horror
 12750 | Abyss:2  | Killed a green death
 12754 | D:10     | Escaped the Abyss
 13170 | D:11     | Noticed a two-headed ogre
 13178 | D:11     | Killed a two-headed ogre
 13289 | D:11     | Found Zin's Purification Station.
 13295 | D:11     | Found a glowing silver altar of Zin.
 13300 | D:11     | Bought a potion of curing for 90 gold pieces
 13375 | D:10     | Noticed Grum
 13430 | D:10     | Killed Grum
 14175 | D:13     | Noticed a centaur warrior
 14188 | D:13     | Killed a centaur warrior
 14502 | D:14     | Noticed a centaur warrior
 14627 | D:12     | Noticed Josephine
 14643 | D:12     | Killed Josephine
 14782 | D:13     | Noticed a tengu warrior
 14782 | D:13     | Noticed a tengu warrior
 14854 | D:12     | Found a staircase to the Orcish Mines.
 15094 | D:12     | Noticed a four-headed hydra
 15103 | D:12     | Killed a one-headed hydra
 15452 | D:12     | Slain by a tengu warrior

Illustrated notes

Levels and vault maps discovered:
D:1:      dpeg_arrival_boxorama, layout_basic, basic_ecumenical_altar,
          corner_web_ring
D:2:      layout_basic, serial_shops, nicolae_shop_behind_doors,
          serial_bayou_pond_c, nrook_campfire
D:3:      layout_loops_cross
D:4:      layout_basic, amethyst_overflow_temple_binary,
          nicolae_overflow_crystal_walls, mainiacjoe_overflow_cross_hatched,
          minmay_misc_feat_alley
D:5:      wad_crossroads, layout_basic, st_stairs_8, serial_bayou_ford_a
D:6:      layout_layer_cave, cheibriados_altar_1, minmay_temple_entry_tees
D:7:      layout_cave_pools, mainiacjoe_overflow_tiny_flanked,
          gammafunk_ghost_grave, serial_shops, nicolae_shop_bloodbath_and_beyond
D:8:      layout_gridville, mainiacjoe_overflow_alcove_4, enter_ossuary_4,
          nicolae_elemental_shop
D:9:      layout_stronghold, lair_entry_dummy, serial_shops,
          nicolae_shop_advertising_works [nicolae_subvault_shop_adworks]
D:10:     layout_roguey, uniq_maurice, uniq_grum, uniq_erolcha
D:11:     layout_cave_pools, zin_purify
D:12:     layout_layer_cave, minmay_orc_entry_guard_dogs, uniq_josephine
D:13:     kennysheep_demon_hangout, layout_loops_cross, erik_vaults_1,
          minmay_liquid_box, led_xom_imps
D:14:     layout_grid_maze, serial_demonic, serial_demonic_f, serial_demonic_e,
          serial_demonic_c, serial_demonic_e, kiku_gazebo_pond_becter,
          chequers_serial_rivers_small_a, hangedman_ranch, uniq_kirke
Temple:   eino_wide_crystal_templ

Skill      XL: |  1  2  3  4  5  6  7  8  9 10 11 12 |
---------------+-------------------------------------+-----
Dodging        | 3 |  3.5
Axes           | 3 4 5 6 7 8 9 10 11 | 11.9
Armour         | 1 2 3 4 5 6 7 8 |  8.9
Fighting       | 3 4 5 6 7 8 |  8.6
Throwing       | 2 3 |  3.0
Shields        | 1 2 4 6 7 |  7.2
Invocations    | 3 5 6 8 |  8.4
Evocations     | 2 3 5 6 |  6.6
Stealth        | |  0.8

Action                   |  1- 3 |  4- 6 |  7- 9 | 10-12 || total
-------------------------+-------+-------+-------+-------++-------
Melee: War axe           |    75 |   201 |   316 |   384 ||   976
       Kick              |       |    20 |    77 |    48 ||   145
       Punch             |       |     2 |       |       ||     2
       Battleaxe         |       |       |       |    47 ||    47
       Hand axe          |       |       |       |     5 ||     5
Throw: Javelin           |     3 |     3 |     3 |       ||     9
       Throwing net      |     2 |       |     1 |       ||     3
       Boomerang         |       |     3 |     6 |    26 ||    35
Invok: Elemental Force   |       |       |       |     5 ||     5
       Upheaval          |       |       |       |     1 ||     1
Evoke: Wand              |       |       |     1 |     4 ||     5
  Use: Potion            |       |     2 |     3 |     2 ||     7
       Scroll            |       |     4 |    14 |     5 ||    23
Armor: Leather armour    |    25 |       |       |       ||    25
       Plate armour      |    20 |   211 |   253 |   298 ||   782
Dodge: Dodged            |    65 |    85 |   100 |   125 ||   375
Block: Buckler           |       |     7 |    67 |   285 ||   359
       Reflection        |       |       |       |     8 ||     8
       Other             |       |       |       |    30 ||    30

Table legend: (Time is in decaauts)
 A = Elapsed time spent in this place.
 B = Non-inter-level travel time spent in this place.
 C = Inter-level travel time spent in this place.
 D = Time resting spent in this place.
 E = Time spent auto-exploring this place.
 F = Levels seen in this place.
 G = Mean time per level.
                   A        B        C        D        E       F      G
               +--------+--------+--------+--------+--------+-----+--------+
         Total |  15761 |  15521 |    240 |   2688 |   7117 |  18 |  875.6 |
       Dungeon |  14436 |  14196 |    240 |   2368 |   6978 |  14 | 1031.1 |
        Temple |     16 |     16 |      0 |      0 |      0 |   1 |   16.0 |
         Abyss |    390 |    390 |      0 |     27 |      0 |   2 |  195.0 |
       Ossuary |    917 |    917 |      0 |    293 |    138 |   1 |  917.0 |
               +--------+--------+--------+--------+--------+-----+--------+

Top non-repeatable levels by time:
    D:12: 2325 daAuts
     D:1: 1700 daAuts
     D:6: 1542 daAuts
     D:9: 1379 daAuts
     D:5: 1295 daAuts
     D:4: 1082 daAuts
     D:8: 1078 daAuts
 Ossuary: 917 daAuts
    D:11: 878 daAuts
     D:3: 824 daAuts
     D:2: 805 daAuts
    D:10: 746 daAuts
     D:7: 711 daAuts
 Abyss:1: 226 daAuts
 Abyss:2: 164 daAuts
